 Dungeon Sprint DCSS version 0.30-a0-172-gc5509c9e31 (webtiles) character file.

Game seed: 12927293952228039634

142 mhtbhm the Geomancer (level 5, -1/28 HPs)
             Began as a Gargoyle Earth Elementalist on Oct 1, 2022.
             Was an Initiate of Vehumet.
             Engulfed by a steam dragon's steam (14 damage)
             ... in the Dungeon (Sprint IX: "|||||||||||||||||||||||||||||").
             The game lasted 00:01:14 (254 turns).

mhtbhm the Geomancer (Gargoyle Earth Elementalist)   Turns: 254, Time: 00:01:15

Health: -1/28      AC:  8    Str: 14    XL:     5   Next: 25%
Magic:  9/13       EV: 12    Int: 21    God:    Vehumet [......]
Gold:   0          SH:  0    Dex: 10    Spells: 5/15 levels left

rFire   . . .      SeeInvis .    j - +2 dire flail (protect)
rCold   . . .      Faith    .    (shield currently unavailable)
rNeg    + . .      Spirit   .    a - +0 robe
rPois   ∞          Reflect  .    l - +0 helmet
rElec   +          Harm     .    (no cloak)
rCorr   .          Rampage  .    k - +0 pair of gloves
Will    .....      NoTele   +    (no boots)
Stlth   ++........               (no amulet)
HPRegen 0.24/turn                m - +3 ring of strength
MPRegen 0.13/turn                n - +3 ring of intelligence

@: no status effects
A: sickness immunity, AC +4, negative energy resistance 1, electricity
resistance, torment resistance 1, petrification resistance
a: Renounce Religion


You were in the Dungeon.
You worshipped Vehumet.
Vehumet was noncommittal.
You visited 1 branch

Inventory:

Hand Weapons
 j - a +2 dire flail of protection (weapon)
Armour
 a - a +0 robe (worn)
 k - a +0 pair of gloves (worn)
 l - a +0 helmet (worn)
Jewellery
 m - a +3 ring of strength (left hand)
 n - a +3 ring of intelligence (right hand)
Wands
 i - a wand of acid (9)
Scrolls
 g - 2 scrolls of blinking
 h - 2 scrolls of amnesia
Potions
 b - 4 potions of magic
 c - 5 potions of curing
 d - 3 potions of heal wounds
 e - a potion of invisibility
 f - a potion of berserk rage


   Skills:
 + Level 3.3 Dodging
 + Level 3.9 Stealth
 + Level 5.6 Spellcasting
 + Level 1.0 Transmutations
 + Level 8.8 Earth Magic
 + Level 0.3 Evocations


You had 5 spell levels left.
You knew the following spells:

 Your Spells              Type           Power      Damage    Failure   Level
a - Sandblast             Erth           86%        2d18      1%          1
b - Passwall              Tmut/Erth      21%        N/A       1%          2
c - Stone Arrow           Conj/Erth      48%        3d10      4%          3
d - Petrify               Tmut/Erth      26%        N/A       13%         4

Your spell library contained the following spells:

 Spells                   Type           Power      Damage    Failure   Level


Dungeon Overview and Level Annotations

Branches:
Dungeon (1/1)

Altars:
Cheibriados
Dithmenos
Elyvilon
Fedhas
Gozag
Hepliaklqana
Kikubaaqudgha
Makhleb
Nemelex Xobeh
Okawaru
Qazlal
Ru
Sif Muna
Trog
Uskayaw
Vehumet
Wu Jian
Xom
Yredelemnul
Zin
The Shining One
Jiyva
Lugonu


Innate Abilities, Weirdness & Mutations

You are immune to sickness and miasma.
Your stone body is resilient. (AC +4)
You are immune to poison.
You resist negative energy. (rN+)
You are resistant to electric shocks. (rElec)
You are resistant to unholy torment.
You are immune to petrification.


Message History

Aim: a kobold brigand, wielding a +0 whip and quivering curare-tipped darts (64% to hit)
The bolt of acid hits the kobold brigand!
The acid corrodes the kobold brigand!
The kobold brigand is heavily wounded.
The bolt of acid hits the steam dragon!
The acid corrodes the steam dragon!
The steam dragon is heavily wounded.
The bolt of acid hits the orc warrior!
The acid corrodes the orc warrior!
The orc warrior is heavily wounded.
The bolt of acid hits the orc warrior.
The orc warrior is lightly wounded.
The orc wizard shouts!
The orc wizard mumbles some strange words.
The orc wizard flickers and vanishes!
Deactivating autopickup; reactivate with Ctrl-A.
Unknown command.
Casting: Stone Arrow (quite dangerous; 8% risk of failure)
Confirm with . or Enter, or press ? or * to list all spells.
Aiming: Sandblast (safe; 1% risk of failure)
Press: ? - help, Shift-Dir - straight line, f/p - kobold brigand
Aim: a kobold brigand, wielding a +0 whip and quivering curare-tipped darts (heavily wounded, covered in acid, 80% to hit)
The blast of sand hits the kobold brigand!!
You kill the kobold brigand!
Vehumet accepts your kill. The steam dragon breathes steam at you.
The ball of steam hits you!
Ouch! That really hurt!
Your Dodging skill increases to level 3!
Your Spellcasting skill increases to level 5!
Your Earth Magic skill increases to level 8!
You have reached level 5!
Casting: Sandblast (safe; 1% risk of failure)
Confirm with . or Enter, or press ? or * to list all spells.
Aiming: Sandblast (safe; 1% risk of failure)
Press: ? - help, Shift-Dir - straight line, f - steam dragon
Aim: a steam dragon (steam, heavily wounded, catching its breath, covered in acid, 85% to hit)
The blast of sand hits the steam dragon!
The steam dragon is almost dead.
You are engulfed in a cloud of scalding steam.
Ouch! That really hurt!
You die...

▓{▓
▓.▓
▓l▓
▓o▓
▓o▓
▓D▓
▓§▓
▓@▓
▓§▓
▓§▓
▓.▓
▓.▓
▓.▓
▓)▓
▓.▓
▓.▓


You could see a steam dragon (catching breath, corroded).

Vanquished Creatures
  A kobold brigand (D)
  A hound (D)
  An iguana (D)
  A white imp (D)
  A dart slug (D)
  An orc (D)
  A bat (D)
  2 goblins (D)
  A ball python (D)
  A rat (D)
11 creatures vanquished.

Notes
Turn   | Place    | Note
-------+----------+-------------------------------------------
     0 | D        | mhtbhm the Gargoyle Earth Elementalist began the quest for
                  | the Orb.
     0 | D        | Reached XP level 1. HP: 10/10 MP: 3/3
     6 | D        | Reached skill level 4 in Earth Magic
    45 | D        | Noticed a hound
    45 | D        | Noticed an iguana
    58 | D        | Killed an iguana
    59 | D        | Reached skill level 6 in Earth Magic
    59 | D        | Reached XP level 2. HP: 15/15 MP: 2/6
    59 | D        | Reached XP level 3. HP: 19/19 MP: 2/8
    61 | D        | Reached skill level 1 in Transmutations
    61 | D        | Reached skill level 7 in Earth Magic
    61 | D        | Reached XP level 4. HP: 24/24 MP: 0/10
   152 | D        | Learned a level 2 spell: Passwall
   156 | D        | Learned a level 3 spell: Stone Arrow
   161 | D        | Learned a level 4 spell: Petrify
   188 | D        | Found a snail-covered altar of Cheibriados.
   188 | D        | Found a shadowy altar of Dithmenos.
   188 | D        | Found a white marble altar of Elyvilon.
   188 | D        | Found a blossoming altar of Fedhas.
   188 | D        | Found an opulent altar of Gozag.
   189 | D        | Found a hazy altar of Hepliaklqana.
   190 | D        | Found a viscous altar of Jiyva.
   191 | D        | Found an ancient bone altar of Kikubaaqudgha.
   192 | D        | Found a corrupted altar of Lugonu.
   193 | D        | Found a burning altar of Makhleb.
   194 | D        | Found a sparkling altar of Nemelex Xobeh.
   195 | D        | Found an iron altar of Okawaru.
   196 | D        | Found a stormy altar of Qazlal.
   197 | D        | Found a sacrificial altar of Ru.
   198 | D        | Found a shimmering blue altar of Sif Muna.
   199 | D        | Found a bloodstained altar of Trog.
   200 | D        | Found a hide-covered altar of Uskayaw.
   201 | D        | Found a radiant altar of Vehumet.
   202 | D        | Found an ornate altar of the Wu Jian Council.
   203 | D        | Found a shimmering altar of Xom.
   204 | D        | Found a basalt altar of Yredelemnul.
   205 | D        | Found a glowing silver altar of Zin.
   206 | D        | Found a glowing golden altar of the Shining One.
   209 | D        | Became a worshipper of Vehumet
   251 | D        | Noticed a komodo dragon
   251 | D        | Noticed an orc warrior
   251 | D        | Noticed an orc warrior
   251 | D        | Noticed a steam dragon
   251 | D        | Noticed a kobold brigand
   253 | D        | Killed a kobold brigand
   254 | D        | Reached skill level 5 in Spellcasting
   254 | D        | Reached skill level 8 in Earth Magic
   254 | D        | Reached XP level 5. HP: 13/28 MP: 10/13
   254 | D        | Engulfed by a steam dragon's steam

Illustrated notes

Levels and vault maps discovered:
D:        linesprint [early_d, line_temple, items_1, d_10, items_2, lair_1,
          lair_end, items_3, orc_1, orc_end, items_4, d_15, swamp_1, shoals_1,
          snake_1, spider_1, d_20, vaults_1, items_5, swamp_end, shoals_end,
          snake_end, spider_end, vaults_end, d_27, items_6, zot_1, zot_end,
          crypt_end, forest_end, elf_end, slime_end, tomb_end, abyss_end,
          pan_hell_end]

Skill      XL: |  1  2  3  4 |
---------------+-------------+-----
Earth Magic    | 6 7 8 |  8.8
Dodging        | 2 3 |  3.3
Stealth        | 3 |  3.9
Spellcasting   | 3 4 5 |  5.6
Transmutations | 1 |  1.0
Evocations     | |  0.3

Action                   |  1- 3 |  4- 6 || total
-------------------------+-------+-------++-------
Melee: Unarmed           |    19 |       ||    19
 Cast: Sandblast         |     9 |     8 ||    17
Evoke: Wand              |       |     1 ||     1
  Use: Potion            |     2 |       ||     2
Armor: Robe              |     5 |       ||     5
Dodge: Dodged            |    23 |     1 ||    24

Table legend: (Time is in decaauts)
 A = Elapsed time spent in this place.
 B = Non-inter-level travel time spent in this place.
 C = Inter-level travel time spent in this place.
 D = Time resting spent in this place.
 E = Time spent auto-exploring this place.
 F = Levels seen in this place.
 G = Mean time per level.
                   A        B        C        D        E       F      G
               +--------+--------+--------+--------+--------+-----+--------+
         Total |    244 |    244 |      0 |     92 |      3 |   1 |  244.0 |
       Dungeon |    244 |    244 |      0 |     92 |      3 |   1 |  244.0 |
               +--------+--------+--------+--------+--------+-----+--------+

Top non-repeatable levels by time:
       D: 244 daAuts
